 Dungeon Crawl Stone Soup version 0.30.1-9-gdf580d7c3d (webtiles) character file.

Game seed: 16719257477179821687

31 Theotherone the Chopper (level 3, 29/29 HPs)
             Began as a Merfolk Berserker on Oct 21, 2023.
             Was a Follower of Trog.
             Quit the game on level 2 of the Dungeon.
             The game lasted 00:02:18 (680 turns).

Theotherone the Chopper (Merfolk Berserker)          Turns: 680, Time: 00:02:18

Health: 29/29      AC:  6    Str: 19    XL:     3   Next: 22%
Magic:  3/3        EV: 10    Int:  6    God:    Trog [*.....]
Gold:   41         SH:  0    Dex: 13    Spells: 2/2 levels left

rFire   . . .        a - +0 hand axe
rCold   . . .        (no shield)
rNeg    . . .        i - +0 scale mail
rPois   .            (no helmet)
rElec   .            (no cloak)
rCorr   .            (no gloves)
SInv    .            (no boots)
Will    .....        (no amulet) Stlth
                     (no ring)
HPRegen 0.24/turn    (no ring)
MPRegen 0.08/turn

%: no passive effects
@: on berserk cooldown
A: (nimble swimmer 2), mertail
a: Renounce Religion, Berserk


You were on level 2 of the Dungeon.
You worshipped Trog.
Trog was aware of your devotion.
You visited 1 branch of the dungeon, and saw 2 of its levels.

You collected 41 gold pieces.

Inventory:

Hand Weapons
 a - a +0 hand axe (weapon)
 f - a +1 dagger of flaming
 g - a +0 sling
Armour
 b - a +0 animal skin
 i - a +0 scale mail (worn)
Scrolls
 c - a scroll of enchant armour {unknown}
 d - a scroll of teleportation {unknown}
 j - 2 scrolls of identify {unknown}
 k - a scroll of torment {unknown}
Potions
 e - a potion of degeneration {unknown}
 h - 3 potions of curing {unknown}


   Skills:
 - Level 3.2 Fighting
 + Level 3.5 Axes
 - Level 1.3 Armour
 - Level 2.6 Dodging


You had 2 spell levels left.
You didn't know any spells.
Your spell library was empty.

Dungeon Overview and Level Annotations

Branches:
Dungeon (2/15)

Altars:


Innate Abilities, Weirdness & Mutations

((You are very nimble when in or above water. (Stealth+, EV+, Speed+++)))
Your lower body shifts to a powerful aquatic tail in water.


Message History

Found a stone staircase leading down.
There is a stone staircase leading up here.
An adder is nearby!
You barely miss the adder. The adder bites you. x2
You are poisoned.
The adder poisons you!
You barely miss the adder.
You feel sick. The adder closely misses you.
You barely miss the adder.
You feel sick. The adder bites you. The adder bites you but does no damage.
You hit the adder.
The adder is moderately wounded.
You feel sick. The adder bites you but does no damage.
You fail to use your ability.
You feel sick. The adder bites you but does no damage.
Okay, then.
A red film seems to cover your vision as you go berserk!
You feel yourself moving faster!
You feel mighty!
You feel sick.
The adder bites you but does no damage. x2
You slash the adder!
You kill the adder!
Trog accepts your kill.
You feel sick.
You are no longer poisoned.
You have reached level 3!
Your experience leads to an increase in your attributes!
Increase (S)trength, (I)ntelligence, or (D)exterity?
You feel stronger. x2
You start resting.
You feel a strong urge to attack something.
You start resting.
You feel your anger nearly subside.
You are no longer berserk.
You are exhausted.
You feel yourself slow down.
You start resting.
You feel yourself speed up.
You start resting.
HP restored.
You see here a scarf of repulsion.
You see here a scarf of repulsion.
Are you sure you want to abandon this character and quit the game? (Confirm with "yes".)

##.....##
##.......##
#.........#
#.........#
#.........# #####
#.........##.....
#................
#...@..†.........
#................
#................
#..>.............
#........<.......
##...............
##..............
###..$..##.....
...###.# .....


There were no monsters in sight!

Vanquished Creatures
  An adder (D:2)
  2 dart slugs (D:1)
  3 giant cockroaches (D:1)
  5 goblins (D:1)
  A kobold (D:1)
  2 ball pythons (D:1)
  2 bats (D:1)
  2 rats (D:1)
18 creatures vanquished.

Notes
Turn   | Place    | Note
-------+----------+-------------------------------------------
     0 | D:1      | Theotherone the Merfolk Berserker began the quest for the
                  | Orb.
     0 | D:1      | Reached XP level 1. HP: 18/18 MP: 1/1
   163 | D:1      | Reached XP level 2. HP: 24/24 MP: 2/2
   641 | D:2      | Reached XP level 3. HP: 27/29 MP: 3/3
   680 | D:2      | Quit the game

Illustrated notes

Levels and vault maps discovered:
D:1:      saegor_arrival_under_anarchy, layout_basic,
          nicolae_concentric_dashed_squares_mild
D:2:      layout_rooms

Skill      XL: |  1  2 |
---------------+-------+-----
Axes           | 3 |  3.5
Fighting       | |  3.2
Armour         | |  1.3
Dodging        | |  2.6

Action                     || total
---------------------------++-------
  Melee: Hand axe          ||    45
 Invoke: Berserk           ||     3
 Armour: Animal skin       ||    10
         Scale mail        ||    11
  Dodge: Dodged            ||    28
